 Dungeon Crawl Stone Soup version 0.23.2-33-g5129a83184 (webtiles) character file.

Game seed: 17368255408231291404

1481 Destapler the Schismatic (level 8, 0/64 HPs)
             Began as a Hill Orc Abyssal Knight on Aug 2, 2019.
             Was an Elder of Lugonu.
             Slain by a centaur (8 damage)
             ... on level 6 of the Dungeon.
             The game lasted 00:52:54 (7578 turns).

Destapler the Schismatic (Hill Orc Abyssal Knight)  Turns: 7578, Time: 00:52:55

Health: 0/64       AC:  6    Str: 16 (17) XL:     8   Next: 79%
Magic:  11/14      EV: 11    Int: 12 (14) God:    Lugonu [****..]
Gold:   282        SH:  4    Dex:  8 (10) Spells: 7/7 levels left

rFire    + + .     SeeInvis .   a - +2 hand axe
rCold    . . .     Gourm    .   (no shield)
rNeg     + . .     Faith    .   H - +0 robe "Tefad" {rF++ MR+ rCorr Int+2}
rPois    .         Spirit   .   (no helmet)
rElec    .         Reflect  +   j - +0 cloak
rCorr    +         Harm     .   (no gloves)
MR       +....                  k - +1 pair of boots
Stlth    +.........             z - +4 amulet of reflection
HPRegen  0.20/turn              x - ring of positive energy
MPRegen  0.14/turn              (no ring)

@: no status effects
A: no striking features
a: Depart the Abyss, Bend Space, Banish, Corrupt, Renounce Religion


You were on level 6 of the Dungeon.
You worshipped Lugonu.
Lugonu was greatly pleased with you.
You were near starving.

You visited 1 branch of the dungeon, and saw 7 of its levels.
You visited the Abyss 1 time.

You collected 282 gold pieces.

Inventory:

Hand Weapons
 a - a +2 hand axe (weapon)
 b - a +0 blowgun
Missiles
 d - 229 stones (quivered)
 q - 15 poisoned needles
Armour
 g - the +6 plate armour "Etofo" {rPois rN++ rCorr MP-9}
   (You found it on level 2 of the Abyss)

   It protects you from poison.
   It greatly protects you from negative energy.
   It affects your magic capacity (-9).
   It provides partial protection from all sources of acid and corrosion.
 j - a +0 cloak (worn)
 k - a +1 pair of boots (worn)
 H - the +0 robe "Tefad" (worn) {rF++ MR+ rCorr Int+2}
   (You found it on level 6 of the Dungeon)

   It affects your intelligence (+2).
   It greatly protects you from fire.
   It affects your resistance to hostile enchantments.
   It provides partial protection from all sources of acid and corrosion.
Jewellery
 f - an uncursed amulet of rage
 x - a ring of positive energy (left hand)
 z - a +4 amulet of reflection (around neck)
 A - an uncursed ring of ice
 F - an uncursed ring of flight {unknown}
Wands
 v - a wand of enslavement (14)
 y - a wand of iceblast (10)
 B - a wand of scattershot (2)
 D - a wand of random effects (22)
Scrolls
 e - a scroll of enchant weapon
 m - 4 scrolls of identify
 o - a scroll of fear
 r - 2 scrolls of fog {unknown}
 w - 3 scrolls of remove curse
 G - a scroll of vulnerability {unknown}
Potions
 i - a potion of curing
 l - a potion of lignification {unknown}
 n - a potion of resistance
 s - a potion of cancellation
 t - a potion of haste {unknown}
 u - 4 potions of invisibility
 C - a potion of heal wounds
 E - a potion of brilliance {unknown}
Comestibles
 c - 6 rations


   Skills:
 - Level 3.6 Fighting
 + Level 8.0 Axes
 + Level 7.2 Armour
 - Level 1.0 Dodging
 * Level 8.4 Invocations


You had 7 spell levels left.
You didn't know any spells.
Your spell library was empty.

Dungeon Overview and Level Annotations

Branches:
Dungeon (7/15)
 Temple: D:4-7

Altars:
Dithmenos
Ru
Uskayaw
Xom
The Shining One

Shops:
D:4 (


Message History

Space bends around you!
You blink.
The centaur rages.
As you open the door, it creaks loudly!
There is an open door here.
It was a potion of degeneration.
There was something very wrong with that liquid.
You feel weakened.
You feel dopey.
You feel clumsy. The centaur hits you!
* * * LOW HITPOINT WARNING * * *
The centaur misses you. The centaur closely misses you.
It was a potion of heal wounds.
You feel much better. The centaur barely misses you.
You block the centaur's attack.
Okay, then.
As you read the scroll labeled KIREOBR QIFUOL, it crumbles to dust.
You assume a fearsome visage.
It was a scroll of fear.
The centaur misses you. The centaur hits you.
* * * LOW HITPOINT WARNING * * *
Unknown command.
Space bends around you!
You blink.
The centaur hits you!
You die...

.....# ##'#####.>.....###.#
.....# #.....##...........#
.....#####.....##...........#
.........#.....##...........#
........................###.#
........................# #.#
........................# #.#
.........#.....##.......# #.#
#####....#....§c@.####### #.#
#....#.....#### #.#
#....####### #.# #....# #.#
############### #.#
#.............# #.#
#.###########.# #.# #.# #.#
#.# #.# #.# #.#


You could see a centaur (berserk).

Vanquished Creatures
  An orc warrior (D:6)
  A sky beast (D:6)
  A phantom (D:4)
  2 ice beasts
  2 ogres
  A big kobold (D:5)
  A howler monkey (D:6)
  A crimson imp (D:5)
  A quasit (D:6)
  An orc priest (D:6)
  A centaur skeleton (D:4)
  2 bullfrog skeletons
  An iguana (D:3)
  3 orc wizards
  3 worker ants
  A hound skeleton (D:6)
  Robin (D:2)
  7 gnolls
  A howler monkey skeleton (D:4)
  10 adders
  3 river rats (D:3)
  An ooze (D:3)
  2 adder skeletons (D:4)
  2 worms
  A dart slug (D:1)
  4 leopard geckos
  14 orcs
  5 giant cockroaches
  14 goblins
  9 hobgoblins
  8 jackals
  27 kobolds
  A quokka (D:4)
  5 bats
  3 frilled lizards
  10 rats
151 creatures vanquished.

Vanquished Creatures (others)
  An orc wizard (D:6)
  A quokka skeleton (D:6)
2 creatures vanquished.

Grand Total: 153 creatures vanquished

Notes
Turn   | Place    | Note
-------+----------+-------------------------------------------
     0 | Abyss:1  | Destapler the Hill Orc Abyssal Knight began the quest for
                  | the Orb.
     0 | Abyss:1  | Reached XP level 1. HP: 19/19 MP: 2/2
    89 | Abyss:2  | Got a shimmering plate armour
    91 | Abyss:2  | Noticed a thrashing horror
    91 | D:1      | Escaped the Abyss
   102 | D:1      | Identified the +6 plate armour "Etofo" {rPois rN++ rCorr
                  | MP-9} (You found it on level 2 of the Abyss)
   186 | D:1      | Reached skill level 1 in Dodging
   212 | D:1      | Reached XP level 2. HP: 26/26 MP: 0/4
   389 | D:1      | Reached * piety under Lugonu
   528 | D:1      | Reached XP level 3. HP: 30/31 MP: 0/5
  1060 | D:2      | Found a sacrificial altar of Ru.
  1080 | D:2      | Found a shadowy altar of Dithmenos.
  1352 | D:2      | Found a hide-covered altar of Uskayaw.
  1355 | D:2      | Noticed a +0 hand axe
  1355 | D:2      | Noticed a +0 hand axe
  1542 | D:2      | Noticed Robin
  1554 | D:2      | Killed Robin
  1554 | D:2      | Reached XP level 4. HP: 36/39 MP: 0/6
  1963 | D:3      | Reached ** piety under Lugonu
  2129 | D:3      | Reached XP level 5. HP: 40/45 MP: 0/7
  2482 | D:3      | Reached skill level 5 in Axes
  3351 | D:3      | Reached skill level 5 in Armour
  3351 | D:3      | Reached XP level 6. HP: 21/51 MP: 0/8
  3566 | D:4      | Found Ethrih's Antique Weapon Shop.
  3758 | D:4      | Found a glowing golden altar of the Shining One.
  3809 | D:4      | Found a shimmering altar of Xom.
  3840 | D:4      | Noticed a phantom
  3882 | D:4      | Killed a phantom
  3928 | D:4      | Reached XP level 7. HP: 50/57 MP: 1/10
  4172 | D:4      | Reached skill level 5 in Invocations
  4258 | D:5      | Entered Level 5 of the Dungeon
  4376 | D:5      | Reached *** piety under Lugonu
  5931 | D:6      | Reached XP level 8. HP: 64/64 MP: 3/12
  6513 | D:6      | Reached **** piety under Lugonu
  6757 | D:6      | Got an ancient robe
  6802 | D:6      | Identified the cursed +0 robe "Tefad" {rF++ MR+ rCorr
                  | Int+2} (You found it on level 6 of the Dungeon)
  7354 | D:6      | Found a sacrificial altar of Ru.
  7575 | D:6      | HP: 2/64 [centaur (12)]
  7578 | D:6      | Slain by a centaur

Skill      XL: |  1  2  3  4  5  6  7  8 |
---------------+-------------------------+-----
Dodging        | 1 |  1.0
Axes           | 3 4 5 6 7 8 |  8.0
Invocations    | 3 4 6 8 |  8.4
Armour         | 3 4 5 6 7 |  7.2
Fighting       | |  3.6

Action                   |  1- 3 |  4- 6 |  7- 9 || total
-------------------------+-------+-------+-------++-------
Melee: Hand axe          |   114 |   274 |   365 ||   753
 Fire: Blowgun           |       |     6 |     2 ||     8
Throw: Stone             |     8 |    12 |    11 ||    31
Invok: Depart the Abyss  |     1 |       |       ||     1
       Bend Space        |       |       |     7 ||     7
  Use: Scroll            |       |     4 |     3 ||     7
       Potion            |       |     4 |     2 ||     6
  Eat: Chunk             |     2 |     8 |     7 ||    17
       Ration            |       |       |     1 ||     1
Armor: Plate armour      |   109 |   279 |   251 ||   639
       Robe              |       |       |     5 ||     5
Dodge: Dodged            |    28 |    95 |    77 ||   200
Block: Other             |       |     1 |    46 ||    47
       Reflection        |       |       |     1 ||     1
